 Dungeon Crawl Stone Soup version 0.30-a0-557-ge2afbf3030 (webtiles) character file.

Game seed: 12793038038388275417

1362 BitJockey the Cleaver (level 8, -5/70 HPs)
             Began as a Hill Orc Fighter on Dec 28, 2022.
             Slain by Menkaure (18 damage)
             ... on level 5 of the Dungeon.
             The game lasted 00:09:48 (4623 turns).

BitJockey the Cleaver (Hill Orc Fighter)            Turns: 4623, Time: 00:09:49

Health: -5/70      AC:  9    Str: 19    XL:     8   Next: 64%
Magic:  8/8        EV: 10    Int:  8    God:
Gold:   239        SH:  5    Dex: 12    Spells: 7/7 levels left

rFire   + . .      SeeInvis .    d - +1 war axe (flame)
rCold   + . .      Faith    .    c - +0 buckler
rNeg    . . .      Spirit   .    b - +0 scale mail
rPois   +          Reflect  .    (no helmet)
rElec   +          Harm     .    (no cloak)
rCorr   +          Rampage  .    (no gloves)
Will    .....                    r - +1 pair of boots Stlth
                                 (no amulet)
HPRegen 0.31/turn                (no ring)
MPRegen 0.11/turn                (no ring)

@: resistant
A: no striking features
a: no special abilities


You were on level 5 of the Dungeon.
You visited 2 branches of the dungeon, and saw 6 of its levels.
You also visited: Sewer.

You collected 239 gold pieces.

Inventory:

Hand Weapons
 a - a +0 war axe of flaming
 d - a +1 war axe of flaming (weapon)
Armour
 b - a +0 scale mail (worn)
 c - a +0 buckler (worn)
 r - a +1 pair of boots (worn)
Jewellery
 e - a ring of protection from cold
 v - a ring of flight
Scrolls
 h - 3 scrolls of identify
 j - a scroll of enchant armour {unknown}
 o - a scroll of fog {unknown}
 q - a scroll of magic mapping {unknown}
 s - a scroll of brand weapon
 t - a scroll of enchant weapon {unknown}
 u - a scroll of teleportation
Potions
 f - a potion of resistance
 g - 3 potions of degeneration {unknown}
 i - 4 potions of lignification {unknown}
 k - a potion of cancellation
 l - 4 potions of curing
 m - 2 potions of mutation {unknown}
 n - a potion of invisibility {unknown}
 p - a potion of haste {unknown}


   Skills:
 + Level 6.2 Fighting
 + Level 9.1 Axes
 + Level 5.9 Armour
 + Level 2.4 Dodging
 + Level 1.0 Stealth
 + Level 4.6 Shields


You had 7 spell levels left.
You didn't know any spells.
Your spell library contained the following spells:

 Spells                   Type           Power      Damage    Failure   Level
 Magic Dart               Conj           0%         1d3       83%         1
 Call Imp                 Summ           0%         N/A       93%         2
 Mephitic Cloud           Conj/Pois/Air  0%         N/A       99%         3
 Alistair's Intoxication  Tmut/Pois      0%         N/A       100%        5
 Borgnjor's Vile Clutch   Necr/Erth      0%         N/A       100%        5
 Eringya's Noxious Bog    Tmut/Pois      0%         N/A       100%        6


Dungeon Overview and Level Annotations

Branches:
Dungeon (5/15)             Temple (1/1) D:4           Sewer (visited)

Altars:
Ashenzari
Cheibriados
Dithmenos
Elyvilon
Fedhas
Gozag
Hepliaklqana
Makhleb
Nemelex Xobeh
Okawaru
Ru
Sif Muna
Trog
Wu Jian
Zin
The Shining One

Shops:
D:1 *

Annotations:
D:5 Grinder, Menkaure


Message History

The iguana closely misses you.
Menkaure calls on the powers of darkness!
The iguana convulses!
Your body is wracked with pain!
You hear an angry hiss.
The iguana attacks as you move away! The iguana barely misses you.
Grinder zaps a wand.
You block the puff of flame.
You barely miss the iguana.
The iguana is almost dead.
Grinder gestures at you. Pain shoots through your body!
An iguana comes into view.
You block the iguana's attack.
You slash the iguana! You burn the iguana.
You kill the iguana!
You feel protected. Grinder hits you.
You slash Grinder! You burn Grinder.
Grinder is moderately wounded.
Grinder blinks!
Menkaure gestures at you while chanting.
You struggle to resist.
Grinder zaps a wand.
The puff of flame hits you. You resist.
* * * LOW HITPOINT WARNING * * *
Menkaure calls on the powers of darkness!
The iguana convulses!
Your body is wracked with pain!
* * * LOW HITPOINT WARNING * * *
Grinder is engulfed in a cloud of scalding steam.
Grinder zaps a wand.
The puff of flame hits you. You resist.
* * * LOW HITPOINT WARNING * * *
Grinder zaps a wand.
The puff of flame hits you. You resist.
* * * LOW HITPOINT WARNING * * *
Menkaure gestures wildly while chanting.
Menkaure seems to speed up.
Grinder zaps a wand.
The puff of flame misses you. Grinder gestures at you.
You suddenly lose the ability to move!
Grinder blinks!
You can move again.
You hit Menkaure but do no damage. Menkaure hits you!!
You die...

......# #.##.## #.≈.#....
#..#### #.#.#.# #.≈.#####.
...# #.##.## #.≈§......
.#.#######.##.# #.≈≈≈≈≈≈≈≈
.#.<.......##.## #.........
..########.#...# ##..##.###
.#.## #...#.####........
.##.## #...#...M5.#######
..##.# #.#####@#### ## #.#.##
#.............. #.> #..##
##..#..######## # #.##
#.........# #.. ..#
#..#.#.##.# # ## #.#
#.........# .# #.#
#..#.#.#..## #.## #.#
#..........####...#
#.#########..#.#.#.#........#


You could see Grinder and Menkaure (fast).

Vanquished Creatures
  Prince Ribbit (D:5)
  A wyvern (D:5)
  Edmund (D:4)
  Duvessa (D:5)
  2 ogres (D:5)
  A centaur (D:5)
  Blork the orc (D:4)
  A scorpion (D:5)
  Dowan (D:5)
  A howler monkey (D:4)
  A hound (D:4)
  4 iguanas
  8 adders
  2 worms
  4 dart slugs
  12 orcs
  4 bats
  7 endoplasms
  4 giant cockroaches
  7 goblins
  13 hobgoblins
  12 jackals
  4 kobolds
  6 quokkas
  9 ball pythons
  7 frilled lizards
  9 rats
124 creatures vanquished.

Vanquished Creatures (others)
  An iguana (D:5)
  A jackal (D:5)
2 creatures vanquished.

Grand Total: 126 creatures vanquished

Notes
Turn   | Place    | Note
-------+----------+-------------------------------------------
     0 | D:1      | BitJockey the Hill Orc Fighter began the quest for the Orb.
     0 | D:1      | Reached XP level 1. HP: 19/19 MP: 1/1
     1 | D:1      | Found a bloodstained altar of Trog.
   181 | D:1      | Reached skill level 3 in Axes
   219 | D:1      | Reached XP level 2. HP: 27/27 MP: 2/2
   406 | D:1      | Found Jeyr's General Store.
   480 | D:1      | Reached XP level 3. HP: 33/33 MP: 3/3
  1038 | D:2      | Reached skill level 4 in Axes
  1214 | D:2      | Found the +5 robe of Misfortune {Harm *Corrode *Slow EV+5}
  1236 | D:2      | Reached XP level 4. HP: 41/41 MP: 4/4
  1721 | D:3      | Found a glowing drain.
  1732 | Sewer    | Entered a sewer
  1812 | Sewer    | Reached XP level 5. HP: 38/47 MP: 5/5
  1937 | Sewer    | Reached skill level 1 in Dodging
  2237 | D:3      | Reached skill level 5 in Axes
  2515 | D:3      | Found an opulent altar of Gozag.
  2515 | D:3      | Found an iron altar of Okawaru.
  2973 | D:4      | Noticed Edmund
  2995 | D:4      | Found a staircase to the Ecumenical Temple.
  3006 | D:4      | Killed Edmund
  3007 | D:4      | Reached XP level 6. HP: 44/55 MP: 6/6
  3020 | D:4      | Reached skill level 6 in Axes
  3061 | D:4      | Reached skill level 5 in Fighting
  3081 | Temple   | Entered the Ecumenical Temple
  3246 | D:4      | Noticed Blork the orc
  3459 | D:4      | Killed Blork the orc
  3460 | D:4      | Reached XP level 7. HP: 29/61 MP: 7/7
  3852 | D:5      | Entered Level 5 of the Dungeon
  3877 | D:5      | Reached skill level 5 in Armour
  3934 | D:5      | Noticed Prince Ribbit
  3954 | D:5      | Killed Prince Ribbit
  3955 | D:5      | Reached skill level 7 in Axes
  4105 | D:5      | Noticed a wyvern
  4110 | D:5      | Killed a wyvern
  4111 | D:5      | Reached skill level 8 in Axes
  4111 | D:5      | Reached XP level 8. HP: 60/70 MP: 8/8
  4257 | D:5      | Noticed Duvessa
  4258 | D:5      | Noticed Dowan
  4265 | D:5      | Killed Duvessa
  4266 | D:5      | Reached skill level 1 in Stealth
  4282 | D:5      | HP: 1/70 [Dowan/+0 dagger (4)]
  4293 | D:5      | Killed Dowan
  4294 | D:5      | Reached skill level 9 in Axes
  4588 | D:5      | Found a white marble altar of Elyvilon.
  4588 | D:5      | Noticed Grinder
  4595 | D:5      | Noticed Menkaure
  4616 | D:5      | Paralysed by Grinder for 4 turns
  4623 | D:5      | Slain by Menkaure

Illustrated notes

Levels and vault maps discovered:
D:1:      sevenhm_arrival_forest_fort_small_6, layout_loops_ring, serial_shops,
          shop_fountains, minmay_heptomino_d4
D:2:      layout_rooms, minmay_between
D:3:      layout_basic, gammafunk_temple_overflow_elements, portal_sewer_entry_d
D:4:      layout_loops_cross, minmay_temple_entry_tees, uniq_blork_the_orc,
          uniq_edmund
D:5:      layout_loops_ring, dancing_weapons_uskayaw,
          mainiacjoe_overflow_brackets, serial_bayou_pond_d,
          hangedman_decor_riveting, uniq_prince_ribbit1, uniq_grinder,
          uniq_menkaure, uniq_duvessa
Temple:   cyrus_circular_temple

Skill      XL: |  1  2  3  4  5  6  7  8 |
---------------+-------------------------+-----
Axes           | 3 4 5 6 8 9 |  9.1
Fighting       | 4 5 6 |  6.2
Dodging        | 1 2 |  2.4
Armour         | 4 5 |  5.9
Shields        | 4 |  4.6
Stealth        | 1 |  1.0

Action                   |  1- 3 |  4- 6 |  7- 9 || total
-------------------------+-------+-------+-------++-------
Melee: War axe           |   101 |   192 |    80 ||   373
  Use: Scroll            |     5 |     8 |       ||    13
       Potion            |     1 |     5 |     3 ||     9
 Stab: Fleeing           |       |     1 |       ||     1
Armor: Scale mail        |    56 |    87 |    27 ||   170
Dodge: Dodged            |    53 |    93 |    44 ||   190
Block: Buckler           |    17 |    53 |    22 ||    92

Table legend: (Time is in decaauts)
 A = Elapsed time spent in this place.
 B = Non-inter-level travel time spent in this place.
 C = Inter-level travel time spent in this place.
 D = Time resting spent in this place.
 E = Time spent auto-exploring this place.
 F = Levels seen in this place.
 G = Mean time per level.
                   A        B        C        D        E       F      G
               +--------+--------+--------+--------+--------+-----+--------+
         Total |   4789 |   4644 |    145 |    230 |   3210 |   7 |  684.1 |
       Dungeon |   4222 |   4077 |    145 |    230 |   2854 |   5 |  844.4 |
        Temple |     56 |     56 |      0 |      0 |     29 |   1 |   56.0 |
         Sewer |    509 |    509 |      0 |      0 |    326 |   1 |  509.0 |
               +--------+--------+--------+--------+--------+-----+--------+

Top non-repeatable levels by time:
     D:1: 998 daAuts
     D:3: 912 daAuts
     D:4: 870 daAuts
     D:5: 779 daAuts
     D:2: 661 daAuts
   Sewer: 509 daAuts
  Temple: 56 daAuts
